 Dungeon Crawl Stone Soup version 0.20-a0-876-g2c7b0bf (webtiles) character file.

28 M4edhros the Ruffian (level 2, -1/23 HPs)
             Began as a Minotaur Transmuter on Mar 15, 2017.
             Slain by a worm (12 damage)
             ... on level 2 of the Dungeon.
             The game lasted 00:01:48 (351 turns).

M4edhros the Ruffian (Minotaur Transmuter)           Turns: 351, Time: 00:01:48

Health: -1/23      AC:  2    Str: 14    XL:     2   Next: 96%
Magic:  0/3        EV: 12    Int: 10    God:
Gold:   52         SH:  0    Dex: 10    Spells: 0/3 levels left

rFire    . . .     SeeInvis .     - Unarmed
rCold    . . .     Gourm    .   b - +0 robe
rNeg     . . .     Faith    .   (no shield)
rPois    .         Spirit   .   (helmet restricted)
rElec    .         Reflect  .   (no cloak)
rCorr    .         Harm     .   (no gloves)
MR       .....                  (boots currently unavailable)
Stlth    +.........             (no amulet)
Regen    0.1/turn               (no ring)
MPRegen  0.1/turn               (no ring)

@: appendage (expiring)
A: retaliatory headbutt, horns 2, talons 3
a: End Transformation


You were on level 2 of the Dungeon.
You were not hungry.
You had grown temporary talons.
You visited 1 branch of the dungeon, and saw 2 of its levels.

You collected 52 gold pieces.

Inventory:

Missiles
 a - 10 arrows
Armour
 b - a +0 robe (worn)
Scrolls
 e - a scroll of identify {unknown}
 f - 2 scrolls of teleportation {unknown}
 g - a scroll of random uselessness {unknown}
 l - a scroll of recharging {unknown}
Potions
 h - a potion of magic {unknown}
 k - a potion of mutation {unknown}
 m - a potion of haste {unknown}
Books
 c - a book of Changes

   Spells                             Type                      Level
   a - Beastly Appendage              Transmutation                1
   b - Sticks to Snakes               Transmutation                2
   c - Spider Form                    Transmutation/Poison         3
   d - Ice Form                       Ice/Transmutation            4
   e - Blade Hands                    Transmutation                5
Comestibles
 d - a bread ration
 i - 4 fruits
 j - a royal jelly


   Skills:
 - Level 1.2 Fighting
 - Level 2.1 Dodging
 + Level 4.1 Unarmed Combat
 - Level 1.3 Spellcasting
 + Level 2.2 Transmutations


You couldn't memorise any spells.
You knew the following spells:

 Your Spells              Type           Power        Failure   Level  Hunger
a - Beastly Appendage     Tmut           #.....       14%         1    ##.....
b - Sticks to Snakes      Tmut           #.......     21%         2    ###....


Dungeon Overview and Level Annotations

Branches:
Dungeon (2/15)

Altars:


Innate Abilities, Weirdness & Mutations

You reflexively headbutt those who attack you in melee.
You have a pair of horns on your head.
You have claws for feet.


Message History

Found 12 gold pieces.
You hit the goblin.
You kill the goblin!
Casting: Sticks to Snakes
Confirm with . or Enter, or press ? or * to list all spells.
You create a snake!
You now have 10 arrows.
Casting: Sticks to Snakes
Confirm with . or Enter, or press ? or * to list all spells.
Your feet morph into talons.
Your transformation is almost over.
Your ball python bites the worm but does no damage.
Your ball python closely misses the worm.
Your ball python bites the worm.
Your ball python grabs the worm.
Your ball python constricts the worm.
A kobold comes into view. It is wielding a short sword.
The kobold shouts!
Your ball python bites the worm.
Your ball python constricts the worm.
The worm bites you!
Ouch! That really hurt!
You die...

#.# ### #.#
######.#
#......#
#.###### #.#
#.########
#..S$.....
#.@w......
#.........
#.!.......
!......... #
###........
######.#
.........
.....#.#####
#........
............
+......K.
.###.#.####


You could see a worm, a kobold and a friendly ball python.

Vanquished Creatures
  An adder (D:2)
  A worm (D:2)
  5 bats (D:1)
  3 goblins
  A hobgoblin (D:2)
  A jackal (D:2)
  2 frilled lizards
  A rat (D:1)
15 creatures vanquished.

Notes
Turn   | Place    | Note
-------+----------+-------------------------------------------
     0 | D:1      | M4edhros the Minotaur Transmuter began the quest for the Orb.
     0 | D:1      | Reached XP level 1. HP: 16/16 MP: 1/1
    55 | D:2      | Reached XP level 2. HP: 2/23 MP: 0/3
   167 | D:1      | Reached skill level 4 in Unarmed Combat
   236 | D:2      | Learned a level 2 spell: Sticks to Snakes
   351 | D:2      | Slain by a worm

Vault maps used:
D:1:      dpeg_arrival_houses_and_road
D:2:      elyvilon_altar_5, serial_forest, infiniplex_forest_lined_ring,
          infiniplex_forest_clump_cross, infiniplex_forest_fountain,
          infiniplex_forest_clump_double, uniq_robin, uniq_natasha

Skill      XL: |  1  2 |
---------------+-------+-----
Transmutations | 2 |  2.2
Unarmed Combat | 4 |  4.1
Fighting       | |  1.2
Dodging        | |  2.1
Spellcasting   | |  1.3

Action                   || total
-------------------------++-------
Melee: Unarmed           ||    28
       Headbutt          ||     7
       Kick              ||     4
 Cast: Beastly Appendage ||     5
       Sticks to Snakes  ||     2
Armor: Robe              ||     9
Dodge: Dodged            ||     9
